 Dungeon Crawl Stone Soup version 0.28.0-53-g5a82cb258f (webtiles) character file.

Game seed: 3607986081601197830

86 issech the Vexing (level 4, -28/32 HPs)
             Began as a Human Arcane Marksman on May 21, 2022.
             Killed from afar by Ijyb (44 damage)
             ... with a bolt of acid
             ... on level 3 of the Dungeon.
             The game lasted 00:07:32 (2760 turns).

issech the Vexing (Human Arcane Marksman)           Turns: 2760, Time: 00:07:33

Health: -28/32     AC: 15    Str: 11    XL:     4   Next: 77%
Magic:  5/5        EV: 11    Int: 13    God:
Gold:   84         SH:  0    Dex: 19    Spells: 4/5 levels left

rFire   . . .      SeeInvis +   w - +0 long sword
rCold   . . .      Faith    .   (no shield)
rNeg    . . .      Spirit   .   o - +9 ring mail of Kindness {Rampage Dex+4 Slay+2}
rPois   .          Reflect  .   (no helmet)
rElec   .          Harm     .   (no cloak)
rCorr   .          Rampage  +   (no gloves)
Will    .....                   l - +0 pair of boots
Stlth   +.........              p - amulet of magic regeneration
HPRegen 0.10/turn               y - ring of see invisible
MPRegen 0.49/turn               (no ring)

@: no status effects
A: no striking features
a: no special abilities


You were on level 3 of the Dungeon.
You visited 1 branch of the dungeon, and saw 3 of its levels.

You collected 84 gold pieces.

Inventory:

Hand Weapons
 a - a +0 hand crossbow
 h - a +0 whip
 i - a +0 mace
 k - a +0 club
 m - a +0 dagger
 n - a +0 hunting sling
 q - a +0 short sword
 w - a +0 long sword (weapon)
Missiles
 c - 57 bolts
 e - 75 stones (quivered)
Armour
 d - a +0 robe
 l - a +0 pair of boots (worn)
 o - the +9 ring mail of Kindness (worn) {Rampage Dex+4 Slay+2}
   (You found it on level 2 of the Dungeon)

   Dex:       It affects your dexterity (+4).
   Slay:      It affects your accuracy & damage with ranged weapons and melee
   (+2).
   Rampage:   It bestows one free step when moving towards enemies.
 r - the +0 robe of Ilaj {Regen+}
   (You found it on level 2 of the Dungeon)

   Regen:     It increases your rate of health regeneration.
 x - a +0 leather armour
Jewellery
 p - an amulet of magic regeneration (around neck)
 y - a ring of see invisible (left hand)
Scrolls
 b - a scroll of teleportation {unknown}
 g - 3 scrolls of identify {unknown}
 s - a scroll of enchant weapon {unknown}
 t - 3 scrolls of fear {unknown}
 v - a scroll of amnesia {unknown}
Potions
 f - a potion of degeneration {unknown}
 j - a potion of resistance {unknown}
 u - a potion of curing {unknown}


   Skills:
 + Level 1.3 Fighting
 + Level 0.8 Short Blades
 + Level 0.6(0.7) Slings
 + Level 3.4 Crossbows
 + Level 0.4(0.6) Throwing
 + Level 0.2 Armour
 + Level 2.0 Dodging
 + Level 0.1 Stealth
 + Level 1.1 Spellcasting
 + Level 3.4 Hexes


You had 4 spell levels left.
You knew the following spells:

 Your Spells              Type           Power      Damage    Failure   Level
a - Slow                  Hex            36%        N/A       17%         1

Your spell library contained the following spells:

 Spells                   Type           Power      Damage    Failure   Level
 Inner Flame              Hex/Fire       5%         N/A       69%         3
 Portal Projectile        Hex/Tloc       10%        N/A       69%         3
 Cause Fear               Hex            4%         N/A       86%         4


Dungeon Overview and Level Annotations

Branches:
Dungeon (3/15)

Altars:

Shops:
D:1 *

Annotations:
D:3 Ijyb


Message History

The hobgoblin hits you but does no damage.
You closely miss the hobgoblin. The hobgoblin closely misses you.
You barely miss the hobgoblin.
The hobgoblin hits you but does no damage. x2
You slash the hobgoblin!
You kill the hobgoblin!
e - 76 stones (gained 3)
Things that are here:
a +0 short sword; a kobold corpse
c - 57 bolts (gained 13)
A frilled lizard comes into view.
Found 11 gold pieces.
You throw a stone. The frilled lizard hisses angrily.
The stone hits the frilled lizard but does no damage.
You throw a stone. The stone hits the frilled lizard.
You kill the frilled lizard!
No target in view!
y - a ring of see invisible
y - a ring of see invisible (left hand)
Found a ring mail.
e - 75 stones (gained 1)
You see here a frilled lizard corpse.
e - 76 stones (gained 1)
You now have 84 gold pieces (gained 11).
Ijyb the Twisted Goblin comes into view.
She is wielding a +0 club and carrying a wand of acid (9).
Ijyb shouts!
You throw a stone. The stone barely misses Ijyb.
You barely miss Ijyb. Ijyb hits you but does no damage.
Ijyb closely misses you.
You slash Ijyb!
Ijyb is heavily wounded.
Ijyb grins evilly.
Ijyb zaps a wand.
The bolt of acid hits you!
Ouch! That really hurt!
You closely miss Ijyb.
Ijyb is heavily wounded.
Ijyb zaps a wand.
The bolt of acid hits you!!!
Ouch! That really hurt!
You die...

.. .. # #. # #.# #
..# #.# # ### #.#
.# ...
###.##[##### ##.
#...@g.....( # #
#....#######
###.####....###
......>.......####
##..............
#..........###.#
#..##†...###
###..##....#
#....##....#


You could see Ijyb.

Vanquished Creatures
  4 adders
  A worm (D:2)
  3 dart slugs
  2 endoplasms
  2 giant cockroaches
  5 hobgoblins
  4 kobolds
  4 quokkas
  2 ball pythons (D:1)
  8 bats
  2 frilled lizards
  3 goblins
  5 rats
45 creatures vanquished.

Notes
Turn   | Place    | Note
-------+----------+-------------------------------------------
     0 | D:1      | issech the Human Arcane Marksman began the quest for the
                  | Orb.
     0 | D:1      | Reached XP level 1. HP: 15/15 MP: 2/2
   137 | D:1      | Reached XP level 2. HP: 17/21 MP: 3/3
   261 | D:1      | Found Feeku's Assorted Antiques.
   366 | D:1      | Found a faded altar of an unknown god.
   538 | D:1      | Reached XP level 3. HP: 24/26 MP: 4/4
   909 | D:2      | Identified the +9 ring mail of Kindness {Rampage Dex+4
                  | Slay+2}
  1380 | D:2      | Reached XP level 4. HP: 32/32 MP: 5/5
  1663 | D:2      | Identified the +0 robe of Ilaj {Regen+}
  2755 | D:3      | Noticed Ijyb
  2760 | D:3      | Killed from afar by Ijyb

Illustrated notes

Levels and vault maps discovered:
D:1:      dpeg_arrival_line_fractal, layout_rooms,
          dreamdust_ecumenical_altar_statues, serial_shops, shop
D:2:      layout_basic, grunt_ministairs_6, minmay_misc_feat_rows
D:3:      layout_loops_ring, uniq_ijyb

Skill      XL: |  1  2  3 |
---------------+----------+-----
Crossbows      | 3 |  3.4
Fighting       | |  1.3
Short Blades   | |  0.8
Slings         | |  0.6
Throwing       | |  0.4
Armour         | |  0.2
Dodging        | |  2.0
Stealth        | |  0.1
Spellcasting   | |  1.1
Hexes          | |  3.4

Action                   |  1- 3 |  4- 6 || total
-------------------------+-------+-------++-------
Melee: Short sword       |    11 |    29 ||    40
       Long sword        |       |    11 ||    11
 Fire: Hand crossbow     |    60 |       ||    60
       Hunting sling     |    12 |       ||    12
Throw: Stone             |       |    28 ||    28
Armor: Robe              |     6 |       ||     6
       Ring mail         |     9 |    21 ||    30
Dodge: Dodged            |    34 |    26 ||    60
